 Dungeon Crawl Stone Soup version 0.30-a0-830-gfe289a77b0 (webtiles) character file.

Game seed: 5619613731158709490

45 Pimp the Ducker (level 3, -4/28 HPs)
             Began as a Demonspawn Gladiator on Feb 28, 2023.
             Slain by a gnoll
             ... wielding a +0 flail
              (9 damage)
             ... on level 2 of the Dungeon.
             The game lasted 00:02:01 (1253 turns).

Pimp the Ducker (Demonspawn Gladiator)              Turns: 1253, Time: 00:02:02

Health: -4/28      AC:  7    Str: 16    XL:     3   Next: 42%
Magic:  3/3        EV: 10    Int:  9    God:
Gold:   39         SH:  0    Dex: 14    Spells: 2/2 levels left

rFire   . . .      SeeInvis .    l - +0 war axe
rCold   . . .      Faith    .    (no shield)
rNeg    . . .      Spirit   .    f - +0 scale mail
rPois   .          Reflect  .    c - +0 helmet
rElec   .          Harm     .    (no cloak)
rCorr   .          Rampage  .    (no gloves)
Will    .....                    (no boots) Stlth
                                 (no amulet)
HPRegen 0.24/turn                (no ring)
MPRegen 0.08/turn                (no ring)

@: no status effects
A: demonic magic 1
a: no special abilities


You were on level 2 of the Dungeon.
You visited 1 branch of the dungeon, and saw 2 of its levels.

You collected 39 gold pieces.

Inventory:

Hand Weapons
 a - a +0 war axe
 l - a +0 war axe (weapon)
Missiles
 d - 4 throwing nets (quivered)
 e - a javelin
Armour
 b - a +0 leather armour
 c - a +0 helmet (worn)
 f - a +0 scale mail (worn)
Scrolls
 g - a scroll of amnesia {unknown}
 h - a scroll of torment {unknown}
 i - a scroll of blinking {unknown}
 j - 4 scrolls of identify {unknown}
 m - a scroll of teleportation {unknown}
 o - a scroll of fear {unknown}
Potions
 k - 2 potions of lignification {unknown}
 n - a potion of berserk rage {unknown}


   Skills:
 + Level 2.5 Fighting
 + Level 3.1 Axes
 + Level 2.3 Throwing
 + Level 3.1 Dodging


You had 2 spell levels left.
You didn't know any spells.
Your spell library contained the following spells:

 Spells                   Type           Power      Damage    Failure   Level
 Call Canine Familiar     Summ           0%         N/A       99%         3
 Ozocubu's Armour         Ice            0%         N/A       99%         3
 Portal Projectile        Hex/Tloc       0%         N/A       99%         3
 Leda's Liquefaction      Hex/Erth       0%         N/A       100%        4
 Metabolic Englaciation   Hex/Ice        0%         N/A       100%        5
 Simulacrum               Ice/Necr       0%         N/A       100%        6


Dungeon Overview and Level Annotations

Branches:
Dungeon (2/15)

Altars:
Hepliaklqana


Innate Abilities, Weirdness & Mutations

Spells you cast may paralyse adjacent enemies.


Message History

The rat barely misses you.
You hit the rat but do no damage.
The rat is heavily wounded.
The rat bites you but does no damage.
A rat is nearby!
You barely miss the rat.
The rat is heavily wounded.
The rat barely misses you. x2
You slash the rat!
You kill the rat!
You see here a rat corpse.
n - a glowing sapphire potion A gnoll comes into view.
It is wielding a +0 whip.
The gnoll shouts!
A gnoll comes into view. It is wielding a +0 flail.
o - a scroll labelled MEYC IPASS You barely miss the gnoll.
The gnoll barely misses you.
A gnoll comes into view. It is wielding a +0 flail.
The gnoll moves out of view.
The gnoll hits you with a +0 whip.
You barely miss the gnoll. x2; The gnoll barely misses you.
The gnoll hits you with a +0 whip.
You barely miss the gnoll. You hit the gnoll but do no damage.
The gnoll hits you but does no damage. The gnoll barely misses you. x2
You hit the gnoll.
The gnoll is lightly wounded.
You hit the gnoll. You barely miss the gnoll. The gnoll barely misses you.
The gnoll hits you with a +0 whip. The gnoll hits you with a +0 flail!
A gnoll comes into view. It is wielding a +0 whip.
The gnoll hits you with a +0 whip.
* * * LOW HITPOINT WARNING * * *
The gnoll hits you but does no damage. The gnoll hits you with a +0 flail.
* * * LOW HITPOINT WARNING * * *
The gnoll shouts!
You hit the gnoll but do no damage.
The gnoll is lightly wounded.
You hit the gnoll but do no damage. You hit the gnoll.
The gnoll barely misses you. x2; The gnoll hits you with a +0 flail!
You die...

. # ##.## ### ....#
..# ##..# ##g####
##..###########.....#
....##....>..##g@g..#
.#..##.......##g#...#
.#..##†......##.....##
......†......##......#
†##..#.......##.#.##.#
..#..#.......##.#....#
.....#.......##.###..#
..#############.###..#
..# #......#


You could see 4 gnolls.

Vanquished Creatures
  2 adders (D:2)
  A dart slug (D:2)
  3 ball pythons (D:2)
  2 bats (D:1)
  3 endoplasms
  A giant cockroach (D:1)
  4 jackals
  A quokka (D:2)
  3 frilled lizards
  A goblin (D:2)
  3 kobolds
  2 rats (D:2)
26 creatures vanquished.

Notes
Turn   | Place    | Note
-------+----------+-------------------------------------------
     0 | D:1      | Pimp the Demonspawn Gladiator began the quest for the Orb.
     0 | D:1      | Reached XP level 1. HP: 16/16 MP: 1/1
   175 | D:1      | Gained mutation: Spells you cast may paralyse adjacent
                  | enemies. [demonic ancestry]
   175 | D:1      | Reached XP level 2. HP: 5/22 MP: 2/2
   868 | D:2      | Found a hazy altar of Hepliaklqana.
  1124 | D:2      | Reached XP level 3. HP: 22/28 MP: 3/3
  1253 | D:2      | Slain by a gnoll

Illustrated notes

Levels and vault maps discovered:
D:1:      dpeg_arrival_more_subterranean_lakeside_camping, layout_rooms,
          columned_hall_lemuel, minmay_misc_feat_alley
D:2:      layout_loops_cross, basic_altar

Skill      XL: |  1  2 |
---------------+-------+-----
Throwing       | 2 |  2.3
Axes           | 3 |  3.1
Dodging        | 3 |  3.1
Fighting       | |  2.5

Action                     || total
---------------------------++-------
  Melee: War axe           ||    69
         Punch             ||     1
 Armour: Scale mail        ||    40
         Leather armour    ||     1
  Dodge: Dodged            ||    68

Table legend: (Time is in decaauts)
 A = Elapsed time spent in this place.
 B = Non-inter-level travel time spent in this place.
 C = Inter-level travel time spent in this place.
 D = Time resting spent in this place.
 E = Time spent auto-exploring this place.
 F = Levels seen in this place.
 G = Mean time per level.
                   A        B        C        D        E       F      G
               +--------+--------+--------+--------+--------+-----+--------+
         Total |   1277 |   1183 |     94 |    286 |    677 |   2 |  638.5 |
       Dungeon |   1277 |   1183 |     94 |    286 |    677 |   2 |  638.5 |
               +--------+--------+--------+--------+--------+-----+--------+

Top non-repeatable levels by time:
     D:1: 868 daAuts
     D:2: 408 daAuts
